 Dungeon Crawl Stone Soup version 0.25-b1-46-gb8a1ec05df (webtiles) character file.

Game seed: 14048481691285470359

266 Hvast the Magician (level 6, -2/30 HPs)
             Began as a Spriggan Conjurer on June 11, 2020.
             Slain by Eustachio
             ... wielding a +0 rapier
              (5 damage)
             ... on level 4 of the Dungeon.
             The game lasted 00:21:48 (4196 turns).

Hvast the Magician (Spriggan Conjurer)              Turns: 4196, Time: 00:21:49

Health: -2/30      AC:  2    Str:  4    XL:     6   Next: 0%
Magic:  5/13       EV: 18    Int: 19    God:
Gold:   227        SH:  0    Dex: 16    Spells: 5/14 levels left

rFire    . . .     SeeInvis +   i - +0 dagger
rCold    . . .     Gourm    .   (shield restricted)
rNeg     . . .     Faith    .   a - +0 robe
rPois    .         Spirit   .   (helmet restricted)
rElec    .         Reflect  .   p - +0 cloak
rCorr    .         Harm     .   (gloves unavailable)
MR       +....                  (boots unavailable)
Stlth    ++........             n - amulet of regeneration
HPRegen  0.50/turn              (no ring)
MPRegen  0.13/turn              (no ring)

@: stab, flying, very quick
A: very small, unfitting armour, see invisible, deformed body, herbivore, speed
3, slow metabolism 2, wild magic 1
a: no special abilities


You were on level 4 of the Dungeon.
You were not hungry.

You visited 1 branch of the dungeon, and saw 4 of its levels.

You collected 260 gold pieces.
You spent 33 gold pieces at shops.

Inventory:

Hand Weapons
 i - a +0 dagger (weapon)
Missiles
 d - a poisoned dart (quivered)
Armour
 a - a +0 robe (worn)
 p - a +0 cloak (worn)
 u - a +0 buckler
Jewellery
 n - an amulet of regeneration (around neck)
 t - the cursed necklace of Bloodlust {*Rage +Rage MR++ Int-3 Slay+6 *Curse}
   (You found it on level 4 of the Dungeon)

   [amulet of nothing]

   It affects your intelligence (-3).
   It affects your accuracy and damage with ranged weapons and melee attacks
   (+6).
   It affects your resistance to hostile enchantments.
   It lets you go berserk.
   It may make you go berserk in combat.
   It curses itself when equipped.
   It has a curse placed upon it.
Scrolls
 e - a scroll of enchant weapon {unknown}
 f - a scroll of remove curse {unknown}
 g - 2 scrolls of fear {unknown}
 h - 2 scrolls of amnesia {unknown}
 k - a scroll of blinking {unknown}
 l - 2 scrolls of teleportation
 m - 3 scrolls of identify {unknown}
 q - 2 scrolls of fog {unknown}
 s - a scroll of random uselessness {unknown}
Potions
 o - a potion of lignification {unknown}
 r - a potion of curing {unknown}
Comestibles
 c - 6 rations


   Skills:
 - Level 1.0 Fighting
 - Level 0.4 Throwing
 - Level 3.0 Dodging
 - Level 3.0 Stealth
 + Level 4.5 Spellcasting
 * Level 4.4 Conjurations
 - Level 1.0 Necromancy
 - Level 2.0 Translocations


You had 5 spell levels left.
You knew the following spells:

 Your Spells              Type           Power        Failure   Level  Hunger
a - Magic Dart            Conj           ####         3%          1    None
b - Animate Skeleton      Necr           N/A          13%         1    None
c - Searing Ray           Conj           ####..       5%          2    #......
d - Iskenderun's Mystic   Conj/Tloc      ###.....     43%         4    ####...
e - Summon Small Mammal   Summ           #...         19%         1    None

Your spell library contained the following spells:

 Spells                   Type           Power        Failure   Level  Hunger
 Apportation              Tloc           ###...       10%         1    None
 Corona                   Hex            #......      19%         1    None
 Dazzling Flash           Conj/Hex       ###...       22%         3    ###....
 Fulminant Prism          Conj/Hex       ###.......   54%         4    ####...


Dungeon Overview and Level Annotations

Branches:
Dungeon (4/15)
 Temple: D:4-7

Altars:
Ashenzari
Ru
Sif Muna

Shops:
D:4 ?

Annotations:
D:4 Eustachio


Innate Abilities, Weirdness & Mutations

You are very small and have problems with some larger weapons.
You are too small for most types of armour.
You have supernaturally acute eyesight. (SInv)
You are a herbivore.
You cover ground extremely quickly.
You need to consume almost no food.
Armour fits poorly on your strangely shaped body.
Your spells are a little harder to cast, but a little more powerful.


Message History

Eustachio hits you with a +0 rapier. The iron imp spits at you.
You miss Eustachio.
Eustachio is severely wounded.
Eustachio hits you with a +0 rapier.
You hit Eustachio.
Eustachio is almost dead.
Eustachio hits you with a +0 rapier.
It was a potion of stabbing.
You feel ready to backstab. The iron imp puffs mist at you.
The iron imp hits you but does no damage.
Eustachio hits you with a +0 rapier.
* * * LOW HITPOINT WARNING * * *
It was a potion of flight.
You feel very buoyant.
You fly up into the air.
The iron imp hits you.
* * * LOW HITPOINT WARNING * * *
Eustachio hits you with a +0 rapier.
You die...

#((......###...#
#.###...###.##
##.### #.......#
#.# #...#
######.∩# #.#
##†#.# ##.#
##.###..#.#
#.#####...#.#.#
#.......###@#.#
#5##.#### #.#.#
#@##.######.#.#
#.@.........#.#
####.######@#.#
#..# #...#.#
#.## #.###.####
#.# #.# #.....
#.# #s# ######
#.# #.# #.# #.#


You could see Eustachio and an iron imp (summoned).

Vanquished Creatures
  A scorpion (D:4)
  A bullfrog skeleton (D:4)
  An iguana (D:4)
  A worker ant (D:4)
  2 adders (D:2)
  4 oozes
  3 worms (D:2)
  3 leopard geckos
  6 orcs (D:3)
  3 ball pythons
  4 giant cockroaches
  8 goblins
  8 hobgoblins
  11 jackals
  8 bats
  3 frilled lizards
  8 kobolds
  A quokka skeleton (D:4)
  7 rats
83 creatures vanquished.

Vanquished Creatures (collateral kills)
  A jackal (D:3)
  A rat (D:3)
2 creatures vanquished.

Grand Total: 85 creatures vanquished

Notes
Turn   | Place    | Note
-------+----------+-------------------------------------------
     0 | D:1      | Hvast the Spriggan Conjurer began the quest for the Orb.
     0 | D:1      | Reached XP level 1. HP: 9/9 MP: 5/5
   293 | D:1      | Reached XP level 2. HP: 13/13 MP: 4/7
   876 | D:2      | Found a shattered altar of Ashenzari.
  1012 | D:2      | Reached XP level 3. HP: 11/16 MP: 6/8
  1016 | D:2      | Learned a level 2 spell: Searing Ray
  1643 | D:2      | Found a sacrificial altar of Ru.
  2044 | D:2      | Reached XP level 4. HP: 21/21 MP: 5/10
  2414 | D:3      | Learned a level 1 spell: Animate Skeleton
  2419 | D:3      | Learned a level 4 spell: Iskenderun's Mystic Blast
  2421 | D:3      | Learned a level 1 spell: Summon Small Mammal
  2559 | D:3      | Gained mutation: You are clumsy. (Dex -2) [potion of
                  | mutation]
  2559 | D:3      | Gained mutation: Your body sometimes deteriorates upon
                  | taking damage. [potion of mutation]
  2559 | D:3      | Gained mutation: You are resistant to hostile enchantments.
                  | (MR+) [potion of mutation]
  2559 | D:3      | Gained mutation: You have a somewhat thin skeletal
                  | structure. (Dex +2, Stealth) [potion of mutation]
  2560 | D:3      | Lost mutation: You are clumsy. (Dex -2) [potion of
                  | mutation]
  2560 | D:3      | Lost mutation: You are resistant to hostile enchantments.
                  | (MR+) [potion of mutation]
  2560 | D:3      | Lost mutation: Your body sometimes deteriorates upon taking
                  | damage. [potion of mutation]
  2560 | D:3      | Lost mutation: You have a somewhat thin skeletal structure.
                  | (Dex +2, Stealth) [potion of mutation]
  2560 | D:3      | Gained mutation: Armour fits poorly on your strangely
                  | shaped body. [potion of mutation]
  2560 | D:3      | Gained mutation: Your spells are a little harder to cast,
                  | but a little more powerful. [potion of mutation]
  3338 | D:3      | Found a shimmering blue altar of Sif Muna.
  3417 | D:4      | Found Hyox's Magic Scroll Shop.
  3424 | D:4      | Noticed a phantom
  3536 | D:4      | Reached skill level 1 in Fighting
  3561 | D:4      | Reached skill level 1 in Translocations
  3561 | D:4      | Reached XP level 5. HP: 25/25 MP: 6/12
  3708 | D:4      | Found the cursed necklace of Bloodlust {*Rage +Rage MR++
                  | Int-3 Slay+6 *Curse}
  3942 | D:4      | Bought a scroll of teleportation for 33 gold pieces
  3982 | D:4      | Reached skill level 1 in Necromancy
  4040 | D:4      | Noticed Eustachio
  4085 | D:4      | Reached XP level 6. HP: 30/30 MP: 3/13
  4196 | D:4      | Slain by Eustachio

Illustrated notes

Levels and vault maps discovered:
D:1:      dpeg_arrival_shrine, layout_rooms
D:2:      layout_rooms, lemuel_doored_altar, serial_curves, eino_curves_01,
          eino_curves_04, eino_curves_04, eino_curves_03,
          nicolae_ru_awakened_eye
D:3:      layout_basic, lemuel_crystal_altar
D:4:      layout_loops_ring, grunt_temple_overflow_open,
          nicolae_tso_swordbearing_angel, first_ration, serial_shops, shop,
          uniq_eustachio

Skill      XL: |  1  2  3  4  5 |
---------------+----------------+-----
Conjurations   | 3 4 |  4.4
Spellcasting   | 3 4 |  4.5
Fighting       | 1 |  1.0
Translocations | 1 2 |  2.0
Necromancy     | 1 |  1.0
Throwing       | |  0.4
Dodging        | |  3.0
Stealth        | |  3.0

Action                   |  1- 3 |  4- 6 || total
-------------------------+-------+-------++-------
Melee: Dagger            |    48 |    55 ||   103
Throw: Dart              |    14 |     9 ||    23
 Cast: Magic Dart        |    98 |   116 ||   214
       Animate Skeleton  |       |     7 ||     7
       Searing Ray       |       |     2 ||     2
  Use: Potion            |       |     4 ||     4
 Stab: Sleeping          |       |     1 ||     1
  Eat: Ration            |       |     1 ||     1
Armor: Robe              |     6 |     8 ||    14
Dodge: Dodged            |    57 |    62 ||   119
